 Dungeon Crawl Stone Soup version 0.21-a0-225-g207ae17 (webtiles) character file.

401 tehllama the Poker (level 6, -1/85 HPs)
             Began as a Naga Berserker on Aug 28, 2017.
             Was a Priest of Trog.
             Slain by Edmund
             ... wielding a +5 dire flail of venom
              (3 damage)
             ... on level 4 of the Dungeon.
             The game lasted 00:04:34 (3121 turns).

tehllama the Poker (Naga Berserker)                 Turns: 3121, Time: 00:04:35

Health: -1/85      AC: 14    Str: 27    XL:     6   Next: 85%
Magic:  6/6        EV:  3    Int:  7    God:    Trog [***...]
Gold:   199        SH:  8    Dex: 10    Spells: 5/5 levels left

rFire    . . .     SeeInvis +   B - +0 trident
rCold    . . .     Gourm    .   y - +0 shield
rNeg     . . .     Faith    .   x - +0 plate armour
rPois    +         Spirit   .   s - +0 helmet
rElec    .         Reflect  .   d - +2 cloak {rPois}
rCorr    .         Harm     .   j - +1 pair of gloves
MR       ++...                  (no barding)
Stlth    ..........             (no amulet)
HPRegen  1.24/turn              (no ring)
MPRegen  0.10/turn              (no ring)

@: berserking, lethally poisoned (-1 -> -3), regenerating, quick
A: see invisible, deformed body, poison resistance, slowness 2, slow metabolism
1, spit poison 1, AC +2
a: Spit Poison, Berserk, Trog's Hand, Burn Spellbooks, Renounce Religion


You were on level 4 of the Dungeon.
You worshipped Trog.
Trog was most pleased with you.
You were near starving.

You visited 1 branch of the dungeon, and saw 4 of its levels.

You collected 199 gold pieces.

Inventory:

Hand Weapons
 B - a +0 trident (weapon)
Armour
 b - a +0 animal skin
 d - a +2 cloak of poison resistance (worn)
 j - a +1 pair of gloves (worn)
 s - a +0 helmet (worn)
 x - a +0 plate armour (worn)
 y - a +0 shield (worn)
Scrolls
 e - 6 scrolls of identify {unknown}
 f - 3 scrolls of teleportation {unknown}
 g - 3 scrolls of remove curse {unknown}
 h - a scroll of recharging {unknown}
 l - 4 scrolls of immolation {unknown}
 m - a scroll of amnesia {unknown}
 o - a scroll of enchant armour {unknown}
 t - a scroll of enchant weapon {unknown}
 u - a scroll of blinking {unknown}
 D - a scroll of noise {unknown}
Potions
 i - a potion of haste {unknown}
 k - 3 potions of curing {unknown}
 p - a potion of flight {unknown}
 q - a potion of berserk rage {unknown}
 r - a potion of agility {unknown}
 v - 2 potions of resistance {unknown}
 w - 2 potions of mutation {unknown}
 z - 2 potions of lignification {unknown}
 C - a potion of heal wounds {unknown}
Comestibles
 a - a chunk of flesh
 c - a bread ration
 n - a meat ration
 A - 2 royal jellies


   Skills:
 + Level 4.2 Fighting
 * Level 4.5 Polearms
 + Level 3.2 Armour
 + Level 3.2 Dodging
 + Level 0.2 Shields


You had 5 spell levels left.
You didn't know any spells.

Dungeon Overview and Level Annotations

Branches:
Dungeon (4/15)
 Temple: D:4-7

Altars:

Annotations:
D:4 Edmund


Innate Abilities, Weirdness & Mutations

You cannot wear boots.
Your serpentine skin is tough. (AC +2)
You have supernaturally acute eyesight. (SInv)
Armour fits poorly on your strangely shaped body.
Your system is resistant to poisons. (rPois)
You cover ground very slowly.
You have a slow metabolism.
You can spit poison.


Message History

* * * LOW HITPOINT WARNING * * *
You hit Edmund.
Edmund is almost dead.
* * * LOW HITPOINT WARNING * * *
You feel sick. Edmund hits you but does no damage.
You completely miss Edmund.
Edmund is almost dead.
* * * LOW HITPOINT WARNING * * *
You feel sick. Edmund hits you but does no damage.
Your shield and plate armour prevent you from hitting Edmund.
Edmund is severely wounded.
* * * LOW HITPOINT WARNING * * *
You feel sick.
You are too berserk!
Your shield and plate armour prevent you from hitting Edmund.
Edmund is severely wounded.
* * * LOW HITPOINT WARNING * * *
You feel sick.
Edmund hits you with a dire flail of venom.
You die...

.....#....##≈≈....#
.....#............#
.....###########..#
.....# #.## .....#
#.# .....# #.#
.....# #.# #..###
#.# ##.# #@# #..
......@.# #########


You could see Edmund.

Vanquished Creatures
  Sigmund (D:2)
  Terence (D:3)
  Natasha (D:4)
  4 gnolls (D:2)
  6 adders
  4 dart slugs
  A leopard gecko (D:3)
  5 orcs (D:3)
  5 bats
  5 giant cockroaches
  15 goblins
  15 hobgoblins
  5 ball pythons
  4 frilled lizards
  10 kobolds
  14 rats
96 creatures vanquished.

Vanquished Creatures (others)
  5 toadstools (D:1)
5 creatures vanquished.

Grand Total: 101 creatures vanquished

Notes
Turn   | Place    | Note
-------+----------+-------------------------------------------
     0 | D:1      | tehllama the Naga Berserker began the quest for the Orb.
     0 | D:1      | Reached XP level 1. HP: 21/21 MP: 1/1
   186 | D:1      | Reached XP level 2. HP: 19/28 MP: 2/2
   502 | D:1      | Reached ** piety under Trog
   690 | D:2      | Reached XP level 3. HP: 34/34 MP: 3/3
   744 | D:2      | Reached XP level 4. HP: 27/42 MP: 4/4
  1481 | D:2      | Noticed Sigmund
  1503 | D:2      | Killed Sigmund
  1503 | D:2      | Reached XP level 5. HP: 50/50 MP: 5/5
  1503 | D:2      | Reached XP level 6. HP: 57/57 MP: 6/6
  2488 | D:3      | Noticed Terence
  2494 | D:3      | Reached *** piety under Trog
  2521 | D:3      | Killed Terence
  2998 | D:4      | Noticed Natasha
  3011 | D:4      | Killed Natasha
  3103 | D:4      | Noticed Edmund
  3120 | D:4      | HP: 3/85 [poisoned by Edmund]
  3121 | D:4      | Slain by Edmund

Vault maps used:
D:1:      ldierk_walled_garden, minmay_hexomino_u4
D:2:      cheibrodos_greedy_goblins, uniq_sigmund
D:3:      uniq_terence
D:4:      lightli_temple_of_fire, minivault_4, uniq_edmund, uniq_eustachio,
          uniq_natasha, uniq_crazy_yiuf_cottage

Skill      XL: |  1  2  3  4  5  6 |
---------------+-------------------+-----
Armour         | 2 3 |  3.2
Dodging        | 2 3 |  3.2
Fighting       | 4 |  4.2
Polearms       | 4 |  4.5
Shields        | |  0.2

Action                   |  1- 3 |  4- 6 || total
-------------------------+-------+-------++-------
Melee: Spear             |    93 |   299 ||   392
       Trident           |       |    26 ||    26
Invok: Berserk           |     1 |     2 ||     3
       Trog's Hand       |     1 |     2 ||     3
       Burn Spellbooks   |       |     1 ||     1
 Stab: Sleeping          |     1 |       ||     1
  Eat: Chunk             |       |     8 ||     8
Armor: Animal skin       |    37 |    16 ||    53
       Plate armour      |       |   176 ||   176
Dodge: Dodged            |    40 |    79 ||   119
Block: Shield            |       |    13 ||    13

Table legend:
 A = Spawn XP
 B = Non-spawn XP
 C = Spawn XP percentage of total XP
 D = Spawn monster count
 E = Non-spawn monster count
 F = Spawn count percentage of total count
 G = Total turns spent on level
                    A         B        C        D         E        F      G
               +---------+---------+-------+---------+---------+-------+---------
         Total |      61 |     512 |  10.6 |      13 |      83 |  13.5 |  3121
               +---------+---------+-------+---------+---------+-------+---------
           D:1 |       4 |      27 |  12.9 |       1 |      19 |   5.0 |   685
           D:2 |      31 |     357 |   8.0 |       5 |      39 |  11.4 |  1452
           D:3 |      26 |      93 |  21.8 |       7 |      24 |  22.6 |   839
           D:4 |       0 |      35 |   0.0 |       0 |       1 |   0.0 |   145
               +---------+---------+-------+---------+---------+-------+---------
